Map: King's Cove LE

Players

Smeeeger - Winner!

  • Race: Zerg Zerg
  • League: Platinum
  • Spawn Location: 5:00

VOD

Have the link to the VOD?

Description

Time

  • Played on: July 31, 2019, 8:08 a.m.
  • Length: 15:02
Show
View Real Time Build Order
Export as new Build Order

Smeeeger Zerg - Winner!

Build Orders:  

Get SALT Encoding   

  12  0:02  Drone  
  13  0:19  Overlord  
  13  0:26  Drone  
  14  0:45  Drone x2  
  16  0:50  Drone  
  17  1:06  Drone  
  18  1:22  Hatchery  
  18  1:24  Drone  
  18  1:26  Extractor  
  17  1:38  Drone  
  18  1:55  Spawning Pool  
  18  1:59  Drone  
  18  2:05  Drone  
  19  2:20  Drone  
  19  2:52  Overlord  
  19  3:02  Roach Warren  
  19  3:04  Queen  
  19  3:05  Drone  
  19  3:06  Drone x2  
  23  3:12  Queen  
  25  3:35  Zergling x4  
  25  3:36  Zergling x2  
  28  3:58  Drone x3  
  31  4:10  Drone x2  
  31  4:14  Metabolic Boost  
  33  4:20  Queen  
  35  4:38  Drone  
  35  4:39  Overlord  
  36  4:40  Overlord x2  
  36  5:04  Roach  
  36  5:05  Roach x3  
  44  5:16  Queen  
  44  5:17  Drone  
  44  5:18  Drone x2  
  49  5:28  Drone x2  
  49  5:29  Drone x2  
  53  5:39  Roach x2  
  54  6:09  Roach x2  
  58  6:10  Roach  
  56  6:26  Roach  
  52  6:33  Overlord  
  52  6:34  Overlord  
  50  6:41  Roach  
  50  6:52  Roach  
  50  7:02  Drone  
  50  7:04  Drone  
  50  7:05  Drone  
  50  7:08  Queen  
  50  7:09  Extractor  
  54  7:11  Extractor  
  53  7:33  Drone x3  
  56  7:41  Hatchery  
  55  7:59  Roach, Lair  
  57  8:07  Drone x4  
  61  8:18  Evolution Chamber  
  60  8:22  Evolution Chamber  
  60  8:24  Roach x3  
  60  8:25  Roach  
  67  8:30  Overlord  
  67  8:57  Zerg Missile Weapons Level 1  
  67  9:00  Roach  
  67  9:01  Roach  
  67  9:06  Overlord x2  
  67  9:07  Drone  
  67  9:08  Drone x5  
  77  9:12  Queen  
  77  9:14  Queen  
  81  9:22  Queen  
  81  9:25  Glial Reconstitution, Spine Crawler  
  81  9:29  Drone x3  
  85  9:32  Roach  
  87  9:52  Roach, Baneling Nest  
  87  9:56  Overlord x3  
  88  10:19  Roach  
  90  10:20  Roach x5  
  90  10:22  Zergling x2  
  90  10:23  Zergling x10  
  106  10:41  Drone x2  
  106  10:42  Hatchery  
  106  10:46  Queen  
  109  11:02  Centrifical Hooks  
  109  11:08  Baneling  
  109  11:09  Baneling x4  
  109  11:10  Baneling  
  109  11:14  Roach  
  109  11:15  Drone x3  
  109  11:16  Drone x3  
  109  11:17  Overlord x3  
  109  11:18  Overlord  
  117  11:21  Drone x2  
  117  11:27  Extractor  
  118  11:36  Roach x3  
  124  11:53  Zerg Ground Armor Level 1  
  124  11:58  Zergling x8  
  124  11:59  Zergling x2  
  129  12:15  Infestation Pit  
  128  12:28  Drone x3  
  128  12:29  Drone x2  
  133  12:30  Roach x5  
  143  12:50  Extractor  
  143  12:52  Extractor  
  143  12:54  Drone x2  
  143  12:55  Drone  
  143  12:57  Drone x3  
  147  13:04  Hatchery  
  129  13:22  Zergling x6  
  129  13:23  Zergling x12  
  129  14:20  Roach x11  
  129  14:21  Roach x4  
  129  14:24  Drone  
  129  14:25  Overlord  
  129  14:26  Overlord x4  
  165  14:52  Nydus Network  
Tags
 
Add a new tag
Caveats
  • Supply blocks, unpowered buildings, or Contaminate may cause inaccurate times.
  • Supply counts are checked every 10 seconds.